 Dungeon Sprint DCSS version 0.30.1-4-g462c640d31 (webtiles) character file.

Game seed: 8880590202089115893

7604 Heoruswealwe the Ninja (level 10, 0/45 HPs)
             Began as a Spriggan Artificer on Aug 29, 2023.
             Was an Initiate of Gozag.
             Splashed by a jelly's acid (5 damage)
             ... in the Dungeon (Sprint I: "Red Sonja").
             The game lasted 00:09:49 (648 turns).

Heoruswealwe the Ninja (Spriggan Artificer)          Turns: 648, Time: 00:09:50

Health: 0/45       AC: -10   Str:  8    XL:     10   Next: 97%
Magic:  11/11      EV: 32    Int: 13    God:    Gozag
Gold:   1380       SH:  0    Dex: 20    Spells: 9/9 levels left

rFire   . . .        a - +1 dagger (venom)
rCold   . . .        (no shield)
rNeg    . . .        b - +0 robe
rPois   .            (helmet restricted)
rElec   .            h - scarf {repulsion}
rCorr   .            (gloves unavailable)
SInv    +            (boots unavailable)
Will    +....        i - amulet of the acrobat
Stlth   ++++++++++   (no ring)
HPRegen 0.27/turn    (no ring)
MPRegen 0.12/turn

%: no teleportation, repel missiles, acrobat
@: corroded, gold aura, very quick
A: very small, no large weapons, unfitting armour, see invisible, speed 3
a: Renounce Religion, Potion Petition, Call Merchant, Bribe Branch


You were in the Dungeon.
You worshipped Gozag.
Gozag was most pleased with you.
You visited 1 branch You collected 1611 gold pieces.
You spent 200 gold pieces at shops.
You donated 31 gold pieces to Zin.

Inventory:

Hand Weapons
 a - a +1 dagger of venom (weapon)
Armour
 b - a +0 robe (worn)
 h - a scarf of repulsion (worn)
Jewellery
 i - an amulet of the acrobat (around neck)
Wands
 c - a wand of flame (7) (quivered)
 d - a wand of charming (29)
 l - a wand of digging (3)
Scrolls
 k - a scroll of blinking
 m - 2 scrolls of enchant weapon {unknown}
 n - 2 scrolls of identify
 q - a scroll of immolation {unknown}
Potions
 e - 2 potions of magic
 f - 3 potions of curing
 g - a potion of heal wounds
 j - a potion of berserk rage
 o - a potion of haste
 p - a potion of attraction {unknown}


   Skills:
 + Level 1.1 Fighting
 + Level 0.7 Short Blades
 + Level 17.5 Dodging
 O Level 27 Stealth
 * Level 17.7 Evocations


You had 9 spell levels left.
You didn't know any spells.
Your spell library contained the following spells:

 Spells                   Type           Power      Damage    Failure   Level
 Ignite Poison            Fire/Tmut/Pois 0%         N/A       67%         3
 Sticky Flame             Conj/Fire      0%         2d3       97%         4
 Ignition                 Fire           0%         3d3       100%        8


Dungeon Overview and Level Annotations

Branches:
Dungeon (1/1)

Altars:
Cheibriados
Dithmenos
Elyvilon
Fedhas
Gozag
Hepliaklqana
Kikubaaqudgha
Makhleb
Nemelex Xobeh
Okawaru
Qazlal
Ru
Sif Muna
Trog
Uskayaw
Vehumet
Wu Jian
Xom
Yredelemnul
Zin
The Shining One
Jiyva
Lugonu

Shops:
D [***:[[


Innate Abilities, Weirdness & Mutations

You are very small and have problems with some larger weapons.
You are too small for most types of armour.
You have supernaturally acute eyesight. (SInv)
You cover ground extremely quickly. (Speed+++)


Message History

The jelly is severely wounded.
You hit the jelly but do no damage.
The jelly is poisoned.
The acid corrodes you!
Your hands burn!
The jelly is severely wounded.
The jelly misses you. x2; The jelly completely misses you.
You hit the jelly but do no damage.
The jelly looks even sicker.
Your hands burn!
The jelly is severely wounded.
The jelly completely misses you. The jelly closely misses you.
The jelly completely misses you.
You hit the jelly but do no damage.
Your hands burn!
The jelly is severely wounded.
The jelly misses you. The jelly hits you.
You are splashed with acid!
The jelly completely misses you.
You hit the jelly but do no damage. The acid corrodes you!
Your hands burn!
The jelly is severely wounded.
The jelly completely misses you. x2; The jelly hits you.
You are splashed with acid!
* * * LOW HITPOINT WARNING * * *
The jelly completely misses you.
You hit the jelly but do no damage.
Your hands burn!
* * * LOW HITPOINT WARNING * * *
The jelly is severely wounded.
The jelly completely misses you. x2; The jelly misses you.
The jelly closely misses you.
You hit the jelly but do no damage.
Your hands burn!
* * * LOW HITPOINT WARNING * * *
The jelly is almost dead.
You kill the jelly!
The jelly completely misses you. The jelly misses you.
The jelly completely misses you.
You hit the jelly but do no damage.
Your hands burn!
* * * LOW HITPOINT WARNING * * *
The jelly completely misses you.
The jelly is distracted by your dazzling golden aura.
The jelly completely misses you. The jelly misses you.
The jelly quivers.
You hit the jelly but do no damage.
Your hands burn!
You die...
Your body crumbles into a pile of gold.

).#__####..##.#§~§§§#..# $
..#_____##'#_.+§~§§§+..# $
⌠⌠#_.∩...'..._#~§§§§#..# $
###_..__##_.#'##+#####'###
$$#_____###'#.#..([###.+.#
###########.####'###[###§#
∩........'...'.....'.∩##.#
$
##''''####...###########§#
$$ $
.......####.###.@J....##§#


$$$$ ........#.#'#.#JJJ.....+.# $$$$ ..#.....#.....#'J'######.#$ $$$$
........#.....#.$....§§#§# $$$ .....#..#######.......#.§# $ ........#
......§~####$ ..#.....# $ .......§~# $ ........# ......~~~## $ ##''''###
##..~~~~### You could see 5 jellies.

Vanquished Creatures
  2 centaur warriors (D)
  Sonja (D)
  A deep troll (D)
  An oklob plant (D)
  8 shining eyes (D)
  2 unseen horrors (D)
  A hornet (D)
  Sigmund (D)
  A yak (D)
  2 redbacks (D)
  5 floating eyes (D)
  An ogre (D)
  3 jellies (D)
  Ijyb (D)
  A ballistomycete spore (D)
31 creatures vanquished.

Vanquished Creatures (others)
  A ballistomycete spore (D)
1 creature vanquished.

Grand Total: 32 creatures vanquished

Notes
Turn   | Place    | Note
-------+----------+-------------------------------------------
     0 | D        | Heoruswealwe the Spriggan Artificer began the quest for the
                  | Orb.
     0 | D        | Reached XP level 1. HP: 9/9 MP: 2/2
     1 | D        | Noticed Ijyb
     3 | D        | Killed Ijyb
     4 | D        | Reached skill level 6 in Stealth
     4 | D        | Reached skill level 5 in Evocations
     4 | D        | Reached XP level 2. HP: 14/14 MP: 3/3
    13 | D        | Noticed an ogre
    25 | D        | Killed an ogre
    26 | D        | Reached skill level 10 in Stealth
    26 | D        | Reached XP level 3. HP: 17/17 MP: 4/4
    26 | D        | Reached XP level 4. HP: 21/21 MP: 5/5
    41 | D        | Noticed Sigmund
    44 | D        | Killed Sigmund
    45 | D        | Reached skill level 13 in Stealth
    45 | D        | Reached XP level 5. HP: 25/25 MP: 6/6
    45 | D        | Reached XP level 6. HP: 29/29 MP: 7/7
    56 | D        | Found a burning altar of Makhleb.
    56 | D        | Found a viscous altar of Jiyva.
    56 | D        | Found a shimmering altar of Xom.
    56 | D        | Found a corrupted altar of Lugonu.
    56 | D        | Noticed a slime creature
    57 | D        | Found an ornate altar of the Wu Jian Council.
    57 | D        | Found a shimmering blue altar of Sif Muna.
    60 | D        | Found a radiant altar of Vehumet.
    65 | D        | Reached skill level 14 in Stealth
    94 | D        | Found Pomatz's General Store.
    94 | D        | Found an ancient bone altar of Kikubaaqudgha.
    94 | D        | Found a hazy altar of Hepliaklqana.
    94 | D        | Found a stormy altar of Qazlal.
    94 | D        | Found a hide-covered altar of Uskayaw.
    94 | D        | Found a blossoming altar of Fedhas.
    94 | D        | Found a bloodstained altar of Trog.
    94 | D        | Found an iron altar of Okawaru.
    94 | D        | Found a basalt altar of Yredelemnul.
    94 | D        | Found a glowing golden altar of the Shining One.
    94 | D        | Found a snail-covered altar of Cheibriados.
    94 | D        | Found a sacrificial altar of Ru.
    94 | D        | Found a glowing silver altar of Zin.
    94 | D        | Found a shadowy altar of Dithmenos.
    94 | D        | Found a white marble altar of Elyvilon.
    94 | D        | Noticed a yak
    95 | D        | Found an opulent altar of Gozag.
    96 | D        | Killed a yak
    97 | D        | Reached skill level 10 in Dodging
    97 | D        | Reached skill level 15 in Stealth
    97 | D        | Reached skill level 10 in Evocations
    97 | D        | Found a sparkling altar of Nemelex Xobeh.
   103 | D        | Became a worshipper of Zin the Law-Giver
   103 | D        | Reached * piety under Zin
   103 | D        | Reached ** piety under Zin
   103 | D        | Reached *** piety under Zin
   103 | D        | Reached **** piety under Zin
   103 | D        | Reached ***** piety under Zin
   103 | D        | Reached ****** piety under Zin
   106 | D        | Bought a scroll of identify for 20 gold pieces
   112 | D        | Noticed Sonja
   117 | D        | Killed Sonja
   118 | D        | Reached skill level 18 in Stealth
   118 | D        | Reached XP level 7. HP: 32/32 MP: 8/8
   118 | D        | Reached XP level 8. HP: 37/37 MP: 9/9
   149 | D        | Found Tovut's Armour Boutique.
   159 | D        | Noticed a shining eye
   159 | D        | Noticed a shining eye
   159 | D        | Noticed a shining eye
   159 | D        | Noticed a shining eye
   159 | D        | Noticed a shining eye
   159 | D        | Noticed a shining eye
   162 | D        | Noticed a shining eye
   162 | D        | Noticed a shining eye
   163 | D        | Paralysed by a floating eye for 4 turns
   169 | D        | Reached skill level 19 in Stealth
   174 | D        | Killed a shining eye
   174 | D        | Paralysed by a floating eye for 4 turns
   175 | D        | Reached skill level 20 in Stealth
   182 | D        | Paralysed by a floating eye for 2 turns
   188 | D        | Killed a shining eye
   189 | D        | Reached skill level 21 in Stealth
   189 | D        | Reached XP level 9. HP: 40/40 MP: 10/10
   189 | D        | Paralysed by a floating eye for 3 turns
   194 | D        | Paralysed by a floating eye for 3 turns
   228 | D        | Killed a shining eye
   229 | D        | Reached skill level 22 in Stealth
   245 | D        | Killed a shining eye
   263 | D        | Killed a shining eye
   264 | D        | Reached skill level 23 in Stealth
   264 | D        | Reached skill level 15 in Evocations
   281 | D        | Killed a shining eye
   282 | D        | Reached skill level 15 in Dodging
   299 | D        | Killed a shining eye
   300 | D        | Reached skill level 24 in Stealth
   300 | D        | Reached XP level 10. HP: 44/44 MP: 11/11
   316 | D        | Killed a shining eye
   329 | D        | Found Kyejej's Assorted Antiques.
   329 | D        | Found Ytaox's Book Shop.
   329 | D        | Found Ruix's General Store.
   329 | D        | Found Tysmapn's Armour Boutique.
   333 | D        | Bought a scroll labelled ZAP QUCZIUCSEMN for 24 gold pieces
   342 | D        | Bought a scarf of repulsion for 156 gold pieces
   372 | D        | Fell from the grace of Zin
   372 | D        | Became a worshipper of Gozag Ym Sagoz the Greedy
   463 | D        | Noticed a deep troll
   465 | D        | Killed a deep troll
   466 | D        | Reached skill level 25 in Stealth
   476 | D        | Found Qaklonom's Armour Emporium.
   503 | D        | Noticed a centaur warrior
   504 | D        | Noticed a centaur warrior
   507 | D        | Killed a centaur warrior
   509 | D        | Killed a centaur warrior
   510 | D        | Reached skill level 26 in Stealth
   547 | D        | Noticed an oklob plant
   549 | D        | Killed an oklob plant
   590 | D        | Reached skill level 27 in Stealth
   610 | D        | Reached skill level 1 in Fighting
   648 | D        | Splashed by a jelly's acid

Illustrated notes

Levels and vault maps discovered:
D:        dungeon_sprint_1 [red_sonja_temple_1, red_sonja_temple_small_1]

Skill      XL: |  1  2  3  4  5  6  7  8  9 10 |
---------------+-------------------------------+-----
Dodging        | 4 6 8 11 13 15 17 | 17.5
Stealth        | 6 10 13 18 21 24 27 | 27.0
Evocations     | 5 7 9 12 13 15 17 | 17.7
Fighting       | 1 |  1.1
Short Blades   | |  0.7

Action                     |  1- 3 |  4- 6 |  7- 9 | 10-12 || total
---------------------------+-------+-------+-------+-------++-------
  Melee: Dagger            |       |     3 |    95 |    38 ||   136
         Punch             |       |       |     2 |       ||     2
  Evoke: Wand              |     8 |     2 |       |     3 ||    13
   Stab: Sleeping          |       |     3 |     4 |    11 ||    18
  Dodge: Dodged            |     1 |       |       |    27 ||    28
